 Dungeon Crawl Stone Soup version 0.28-a0-224-g76b539d98b (webtiles) character file.

Game seed: 12271664732419690206

18819 Ezendos the Fighter (level 12, -10/85 HPs)
             Began as an Octopode Conjurer on Aug 21, 2021.
             Was a Priest of Sif Muna.
             Mangled by a seven-headed hydra (12 damage)
             ... on level 5 of the Lair of Beasts.
             The game lasted 01:00:11 (22336 turns).

Ezendos the Fighter (Octopode Conjurer)            Turns: 22336, Time: 01:00:11

Health: -10/85     AC:  5    Str:  7    XL:     12   Next: 62%
Magic:  11/24      EV: 13    Int: 27    God:    Sif Muna [***...]
Gold:   276        SH:  5    Dex: 10    Spells: 8/27 levels left

rFire   . . .      SeeInvis .   D - +8 falchion of Judgement {venom, rElec rPois rN+++ Int-4}
rCold   + . .      Faith    .   z - +1 buckler {rC+}
rNeg    + + +      Spirit   .   (helmet restricted)
rPois   +          Reflect  .   J - amulet of regeneration
rElec   +          Harm     .   u - ring of positive energy
rCorr   .          Rampage  .   w - +6 ring of intelligence
Will    .....                   A - +4 ring of protection
Stlth   +++++.....              (no ring)
HPRegen 1.24/turn               (no ring)
MPRegen 0.19/turn               (no ring)
                                (no ring)
                                (no ring)

@: very slightly contaminated
A: almost no armour, amphibious, 8 rings, camouflage 1, gelatinous body 1,
(nimble swimmer 1), tentacles
a: Renounce Religion, Channel Magic, Forget Spell


You were on level 5 of the Lair of Beasts.
You worshipped Sif Muna.
Sif Muna was most pleased with you.
You visited 3 branches of the dungeon, and saw 18 of its levels.
You also visited: Gauntlet.

You collected 733 gold pieces.
You spent 457 gold pieces at shops.

Inventory:

Hand Weapons
 y - a +3 dagger of venom
 D - the +8 falchion of Judgement (weapon) {venom, rElec rPois rN+++ Int-4}
   (You bought it in a shop on level 4 of the Dungeon)

   It poisons the flesh of those it strikes.
   Int:       It affects your intelligence (-4).
   rElec:     It insulates you from electricity.
   rPois:     It protects you from poison.
   rN:        It renders you almost immune to negative energy.
 E - the +8 morningstar "Newtslayer" {freeze, rCorr}
   (You bought it in a shop on level 4 of the Dungeon)

   It freezes those it strikes, dealing additional cold damage.
   It can also slow down cold-blooded creatures.
   rCorr:     It protects you from acid and corrosion.
 F - the +7 spear of the Goat {vorpal, rElec Str+2 Dex+5 Stlth-}
   (You bought it in a shop on level 2 of the Dungeon)

   It inflicts extra damage upon your enemies.
   Str:       It affects your strength (+2).
   Dex:       It affects your dexterity (+5).
   rElec:     It insulates you from electricity.
   Stlth:     It makes you less stealthy.
Missiles
 k - 4 throwing nets
Armour
 z - a +1 buckler of cold resistance (worn)
Jewellery
 u - a ring of positive energy (left tentacle)
 w - a +6 ring of intelligence (right tentacle)
 A - a +4 ring of protection (on tentacle)
 J - an amulet of regeneration (around mantle)
Wands
 e - a wand of acid (15)
 f - a wand of iceblast (34)
 i - a wand of digging (5)
 j - a wand of mindburst (12)
 p - a wand of polymorph (3)
 C - a wand of paralysis (10)
Scrolls
 g - 2 scrolls of amnesia
 m - 3 scrolls of magic mapping
 o - a scroll of vulnerability
 q - 2 scrolls of silence
 r - 2 scrolls of torment
 x - a scroll of immolation
 I - a scroll of enchant armour {unknown}
 K - a scroll of identify
Potions
 a - 2 potions of berserk rage
 b - 7 potions of curing
 d - 2 potions of invisibility
 h - 4 potions of brilliance
 l - 2 potions of mutation
 n - a potion of flight {unknown}
 s - 2 potions of might
 t - a potion of magic
 B - 2 potions of haste {unknown}
 G - a potion of heal wounds
 H - a potion of attraction {unknown}


   Skills:
 + Level 9.2 Fighting
 - Level 2.0 Dodging
 + Level 8.9 Stealth
 - Level 4.0 Shields
 + Level 8.3 Spellcasting
 - Level 8.2 Conjurations
 - Level 2.5 Summonings
 - Level 5.0 Translocations
 - Level 6.0 Ice Magic
 - Level 3.0 Air Magic
 - Level 3.0 Poison Magic
 + Level 8.1 Invocations
 - Level 4.0 Evocations


You had 8 spell levels left.
You knew the following spells:

 Your Spells              Type           Power      Damage    Failure   Level
a - Magic Dart            Conj           100%       1d8       1%          1
b - Searing Ray           Conj           100%       3d7       1%          2
c - Iskenderun's Mystic   Conj/Tloc      46%        2d10      3%          4
d - Hailstorm             Conj/Ice       49%        3d11      2%          4
e - Poisonous Vapours     Pois/Air       54%        N/A       2%          2
f - Mephitic Cloud        Conj/Pois/Air  36%        N/A       2%          3
g - Apportation           Tloc           76%        N/A       1%          1
A - Call Imp              Summ           25%        N/A       2%          2

Your spell library contained the following spells:

 Spells                   Type           Power      Damage    Failure   Level
 Summon Small Mammal      Summ           100%       N/A       1%          1
 Sting                    Tmut/Pois      76%        1d6       2%          1
 Dazzling Flash           Conj/Hex       66%        N/A       2%          3
 Animate Skeleton         Necr           22%        N/A       5%          1
 Corona                   Hex            12%        N/A       5%          1
 Portal Projectile        Hex/Tloc       48%        N/A       5%          3
 Summon Guardian Golem    Hex/Summ       18%        N/A       9%          3
 Fulminant Prism          Conj/Hex       16%        3d11      10%         4
 Inner Flame              Hex/Fire       11%        N/A       16%         3
 Ice Form                 Ice/Tmut       27%        N/A       16%         4
 Olgreb's Toxic Radiance  Pois           27%        N/A       16%         4
 Cause Fear               Hex            5%         N/A       45%         4
 Blade Hands              Tmut           5%         N/A       82%         5
 Excruciating Wounds      Necr           5%         N/A       82%         5
 Lee's Rapid Deconstruct  Erth           5%         3d7*      82%         5
 Orb of Destruction       Conj           27%        9d11      83%         7
 Simulacrum               Ice/Necr       13%        N/A       93%         6
 Spellforged Servitor     Conj/Summ      20%        N/A       99%         7
 Dragon Form              Tmut           5%         N/A       100%        7
 Discord                  Hex            5%         N/A       100%        8
 Dragon's Call            Summ           12%        N/A       100%        9


Dungeon Overview and Level Annotations

Branches:
Dungeon (11/15)            Temple (1/1) D:4            Lair (6/6) D:11
 Spider (0/4) Lair:2        Slime (0/5) Lair:6      Gauntlet (visited)
  Swamp: Lair:2-4    Shoals: Lair:2-4       Orc: D:9-12

Altars:
Ashenzari
Dithmenos
Elyvilon
Fedhas
Gozag
Hepliaklqana
Makhleb
Nemelex Xobeh
Okawaru
Qazlal
Ru
Sif Muna
Trog
Uskayaw
Wu Jian
Xom
Zin
The Shining One

Shops:
D:2 (   D:4 (   D:10 *

Annotations:
D:3 exclusion: black bear
D:6 2 transporters, sn0wgr3's ghost, novice MiFi
D:9 Erolcha
D:11 Fannar
Lair:4 exclusion: 2 oklob plants


Innate Abilities, Weirdness & Mutations

You cannot wear most types of armour.
You are amphibious.
You can wear up to eight rings at the same time.
Your skin changes colour to match your surroundings (Stealth+).
Your rubbery body absorbs attacks. (AC +1, EV +1)
((You are camouflaged near water. (Stealth+)))
You have tentacles for arms and can constrict up to eight enemies at once.


Message History

Unknown command.
As you read the scroll of teleportation, it crumbles to dust.
You feel strangely unstable. The dream sheep bites you.
Okay, then.
As you read the scroll labelled WUSOCH ZULALAWEP, it crumbles to dust.
You assume a fearsome visage.
The fungus is unaffected. x2
The plant is unaffected. x2; The fungus is unaffected.
The dream sheep looks frightened!
The dream sheep stampedes away.
The dream sheep looks frightened!
A frightened dream sheep leaps away.
The dream sheep looks frightened!
A frightened dream sheep leaps away.
The dream sheep looks frightened!
The dream sheep panics and turns to flee.
The four-headed hydra looks frightened!
It was a scroll of fear.
Your surroundings seem slightly different.
The komodo dragon looks more healthy.
A nearby plant withers and dies.
The komodo dragon barely misses you.
You riposte.
You barely miss the komodo dragon.
The komodo dragon is severely wounded.
You hack one of the six-headed hydra's heads off!
The five-headed hydra grows two more!
You slash the seven-headed hydra!
The seven-headed hydra is poisoned.
The seven-headed hydra is lightly wounded.
The seven-headed hydra barely misses you.
You riposte.
You slash the seven-headed hydra!
The seven-headed hydra is moderately wounded.
You block the seven-headed hydra's attack.
The seven-headed hydra bites you!
You block the seven-headed hydra's attack.
The seven-headed hydra completely misses you.
The seven-headed hydra bites you!
* * * LOW HITPOINT WARNING * * *
The seven-headed hydra bites you.
* * * LOW HITPOINT WARNING * * *
The komodo dragon closely misses you. The seven-headed hydra bites you.
* * * LOW HITPOINT WARNING * * *
The seven-headed hydra bites you!
You die...

##...#.... #...#...Y##
#......Y......#
...P#..........#
#.!....###....#.#
###.......##....#.##
#......P.D#...P....#..
#.....................
#......##..#.@#...#.$.
##....## #...Dl.P..## .
##.>...P# #..........#..
#..P....###.......P....
###.P....##.#......P#...
#..........##..........
##....#.#.<.....####".
###.#.####......##
#......# #.#....#


You could see a seven-headed hydra (very poisoned), a four-headed hydra
(fleeing), a komodo dragon and 2 dream sheep.

Vanquished Creatures
  3 hydras
  Harold (D:8)
  2 two-headed ogres
  A cyclops (D:11)
  Maurice (D:8)
  A black mamba (Lair:2)
  A gargoyle (D:11)
  6 cane toads
  Maggie (Lair:2)
  2 rime drakes (Lair:3)
  2 komodo dragons
  A polar bear (Lair:4)
  2 trolls
  Grinder (D:3)
  A meliai zombie (D:10)
  A wyvern (D:8)
  2 vampires
  10 yaks
  2 basilisks
  Menkaure (D:6)
  2 vampire mosquitoes (D:11)
  3 acid dragons
  13 water moccasins
  Duvessa (D:5)
  The ghost of NigelTetley the Conjurer, an amateur TeCj (D:5)
  2 orc warriors
  An ice beast (D:5)
  6 black bears
  A sky beast (D:8)
  An ogre (D:4)
  A centaur (D:10)
  Blork the orc (D:5)
  2 kobold brigands
  19 bullfrogs
  A gnoll sergeant (D:10)
  2 scorpions (D:4)
  Dowan (D:5)
  4 killer bees (D:10)
  4 electric eels
  A bullfrog zombie (D:7)
  3 hounds
  4 centaur zombies
  A bullfrog skeleton (D:5)
  A gnoll shaman (D:2)
  2 jellies
  5 orc priests
  Ijyb (D:3)
  2 iguanas
  5 orc wizards
  Terence (D:2)
  17 gnolls
  8 adders
  2 white imps
  2 adder skeletons
  A worm (D:2)
  2 dart slugs
  22 orcs
  6 ball pythons
  6 endoplasms
  3 giant cockroaches
  7 goblins
  A hobgoblin (D:4)
  4 jackals
  2 quokkas
  2 bats
  A frilled lizard (D:1)
  10 kobolds
  A quokka skeleton (D:4)
  5 rats
236 creatures vanquished.

Vanquished Creatures (collateral kills)
  A centaur zombie (D:11)
1 creature vanquished.

Vanquished Creatures (others)
  59 fungi
  97 plants
156 creatures vanquished.

Grand Total: 393 creatures vanquished

Notes
Turn   | Place    | Note
-------+----------+-------------------------------------------
     0 | D:1      | Ezendos the Octopode Conjurer began the quest for the Orb.
     0 | D:1      | Reached XP level 1. HP: 11/11 MP: 3/3
   298 | D:1      | Reached XP level 2. HP: 18/18 MP: 0/5
   908 | D:1      | Reached skill level 1 in Fighting
   913 | D:1      | Learned a level 2 spell: Searing Ray
  1358 | D:2      | Reached XP level 3. HP: 23/23 MP: 2/6
  1500 | D:2      | Found Podyzeog's Antique Weapon Shoppe.
  1812 | D:2      | Reached XP level 4. HP: 17/29 MP: 3/8
  1971 | D:2      | Noticed Terence
  2076 | D:2      | Killed Terence
  2077 | D:2      | Reached skill level 2 in Fighting
  2769 | D:3      | Noticed Grinder
  2772 | D:3      | Paralysed by Grinder for 3 turns
  2889 | D:3      | Reached XP level 5. HP: 21/34 MP: 4/9
  3180 | D:3      | Reached skill level 5 in Conjurations
  3189 | D:3      | Learned a level 4 spell: Iskenderun's Mystic Blast
  3218 | D:3      | Noticed Ijyb
  3223 | D:3      | Killed Ijyb
  3369 | D:3      | Reached skill level 3 in Fighting
  3467 | D:3      | Paralysed by Grinder for 4 turns
  3479 | D:3      | Killed Grinder
  3480 | D:3      | Reached skill level 1 in Translocations
  3480 | D:3      | Reached XP level 6. HP: 23/43 MP: 1/11
  3665 | D:3      | Noticed a black bear
  3789 | D:3      | Found a faded altar of an unknown god.
  3921 | D:3      | Found a stormy altar of Qazlal.
  3924 | D:3      | Found an iron altar of Okawaru.
  3925 | D:3      | Found a blossoming altar of Fedhas.
  4144 | D:4      | Reached XP level 7. HP: 47/47 MP: 9/12
  4246 | D:4      | Found Bumouk's Antique Weapon Shoppe.
  4258 | D:4      | Found a staircase to the Ecumenical Temple.
  4264 | Temple   | Entered the Ecumenical Temple
  4321 | Temple   | Became a worshipper of Sif Muna the Loreminder
  4422 | D:4      | Reached skill level 4 in Fighting
  5288 | D:5      | Entered Level 5 of the Dungeon
  5371 | D:5      | Reached skill level 5 in Stealth
  5630 | D:5      | Reached XP level 8. HP: 54/54 MP: 8/14
  5792 | D:5      | Noticed Duvessa
  5792 | D:5      | Noticed Dowan
  5897 | D:5      | Noticed Blork the orc
  5914 | D:5      | Killed Duvessa
  5985 | D:5      | Killed Dowan
  6032 | D:5      | Killed Blork the orc
  6128 | D:5      | Found a runed translucent door.
  6148 | D:5      | Noticed NigelTetley's ghost (amateur TeCj)
  6180 | D:5      | Reached skill level 5 in Fighting
  6227 | D:5      | Found a hazy altar of Hepliaklqana.
  6967 | D:6      | Reached skill level 5 in Spellcasting
  7011 | D:5      | Killed NigelTetley's ghost
  7183 | D:6      | Reached XP level 9. HP: 61/61 MP: 11/16
  7233 | D:6      | Noticed Menkaure
  7236 | D:6      | Killed Menkaure
  7236 | D:6      | Reached * piety under Sif Muna
  7434 | D:6      | Noticed a hornet
  7448 | D:6      | Found a transporter.
  7453 | D:6      | Found a transporter.
  7465 | D:6      | Noticed sn0wgr3's ghost (novice MiFi)
  7676 | D:6      | Reached skill level 1 in Evocations
  8964 | D:7      | Learned a level 2 spell: Call Imp
  9358 | D:8      | Reached skill level 1 in Summonings
  9537 | D:8      | Found a glowing golden altar of the Shining One.
  9538 | D:8      | Found a sacrificial altar of Ru.
  9593 | D:8      | Noticed Maurice
  9610 | D:8      | Killed Maurice
  9611 | D:8      | Reached XP level 10. HP: 67/67 MP: 12/18
 10292 | D:8      | Identified 2 scrolls of acquirement
 10292 | D:8      | Acquired a +1 buckler of cold resistance
 10341 | D:8      | Reached skill level 1 in Shields
 10453 | D:9      | Noticed Harold
 10865 | D:8      | Acquired a +6 ring of intelligence
 11098 | D:9      | Reached skill level 5 in Translocations
 11562 | D:10     | Entered Level 10 of the Dungeon
 11608 | D:10     | Learned a level 4 spell: Hailstorm
 12260 | D:10     | Found Waossuush's Overcharged Wands.
 12291 | D:10     | Reached skill level 6 in Fighting
 12291 | D:10     | Reached skill level 5 in Invocations
 12429 | D:10     | Noticed a two-headed ogre
 12448 | D:10     | Killed a two-headed ogre
 12449 | D:10     | Reached skill level 1 in Ice Magic
 13134 | D:9      | Reached ** piety under Sif Muna
 13213 | D:9      | Noticed Erolcha
 13597 | D:11     | Found a staircase to the Lair.
 13770 | D:11     | Reached XP level 11. HP: 74/74 MP: 10/20
 13856 | D:11     | Noticed a cyclops
 14144 | D:11     | Reached skill level 7 in Fighting
 14280 | D:11     | Noticed Fannar
 15404 | D:11     | Noticed a two-headed ogre
 15419 | D:11     | Killed a two-headed ogre
 15647 | D:11     | Killed a cyclops
 15805 | Lair:1   | Entered Level 1 of the Lair of Beasts
 17244 | Lair:2   | Found a hole to the Spider Nest.
 17244 | Lair:2   | Noticed an orb spider
 17255 | Lair:2   | Reached skill level 8 in Fighting
 17595 | Lair:2   | Reached skill level 5 in Ice Magic
 17784 | Lair:2   | Noticed Maggie
 17963 | Lair:2   | Learned a level 2 spell: Poisonous Vapours
 18267 | Lair:2   | Learned a level 3 spell: Mephitic Cloud
 18274 | Lair:2   | Killed Maggie
 18275 | Lair:2   | Reached skill level 1 in Air Magic
 18275 | Lair:2   | Reached skill level 1 in Poison Magic
 18424 | Lair:2   | Reached XP level 12. HP: 82/82 MP: 4/24
 19353 | Lair:3   | Found a gate leading to a gauntlet.
 19408 | Gauntlet | Entered a Gauntlet
 19408 | Gauntlet | Found a transporter.
 19411 | Gauntlet | Found a transporter.
 19415 | Gauntlet | Noticed a four-headed hydra
 19427 | Gauntlet | Found a transporter.
 19432 | Gauntlet | Found a transporter.
 19441 | Gauntlet | Found a transporter.
 19459 | Gauntlet | Noticed a great orb of eyes
 19461 | Gauntlet | Found a transporter.
 19465 | Gauntlet | Found a transporter.
 19491 | Gauntlet | Found a transporter.
 19512 | Gauntlet | Found a transporter.
 19512 | Gauntlet | Found a transporter.
 19520 | Gauntlet | Found a transporter.
 19541 | Gauntlet | Found a transporter.
 19734 | D:8      | Killed Harold
 19825 | D:4      | Bought an ebony falchion for 136 gold pieces
 19825 | D:4      | Identified the +8 falchion of Judgement {venom, rElec rPois
                  | rN+++ Int-4} (You bought it in a shop on level 4 of the
                  | Dungeon)
 19825 | D:4      | Bought a jewelled morningstar for 153 gold pieces
 19825 | D:4      | Identified the +8 morningstar "Newtslayer" {freeze, rCorr}
                  | (You bought it in a shop on level 4 of the Dungeon)
 19886 | D:2      | Bought a transparent spear for 168 gold pieces
 19886 | D:2      | Identified the +7 spear of the Goat {vorpal, rElec Str+2
                  | Dex+5 Stlth-} (You bought it in a shop on level 2 of the
                  | Dungeon)
 20475 | Lair:3   | Noticed a four-headed hydra
 20482 | Lair:3   | Killed a four-headed hydra
 20483 | Lair:3   | Reached skill level 9 in Fighting
 20773 | Lair:3   | You fall into a shaft and drop 3 floors!
 20773 | Lair:6   | Entered Level 6 of the Lair of Beasts
 20773 | Lair:6   | Noticed a death yak
 20773 | Lair:6   | Noticed a death yak
 20905 | Lair:4   | Learned a level 1 spell: Apportation
 21214 | Lair:4   | Noticed a four-headed hydra
 21236 | Lair:4   | Killed a four-headed hydra
 21526 | Lair:4   | Reached *** piety under Sif Muna
 21564 | Lair:4   | Noticed a four-headed hydra
 21591 | Lair:4   | Killed a four-headed hydra
 21713 | Lair:3   | Noticed an eight-headed hydra
 22324 | Lair:5   | Noticed a six-headed hydra
 22331 | Lair:5   | Noticed a four-headed hydra
 22336 | Lair:5   | HP: 2/85 [seven-headed hydra (5)]
 22336 | Lair:5   | Mangled by a seven-headed hydra

Illustrated notes

Levels and vault maps discovered:
D:1:      co_arrival_square_in_a_square_in_a_square, layout_basic, serial_bayou,
          serial_bayou_shore_a, serial_bayou_pond_d, serial_bayou_crossing,
          serial_bayou_pond_e, serial_bayou_lake_a, serial_bayou_pond_e
D:2:      layout_loops_ring, serial_shops, nicolae_shop_window_shopping,
          uniq_terence
D:3:      layout_rooms, minitemple, shapermc_ecumenical_altar_mp_urbaneastern,
          uniq_ijyb, uniq_grinder
D:4:      layout_cave_pods, minmay_temple_entry_hall, serial_glass,
          glass_columns_c, glass_columns_a, portal_sewer_entry_d, serial_shops,
          nicolae_shop_overgrown_old_shop
D:5:      layout_layer_cave, nicolae_hepliaklqana_hazy_memory,
          ebering_ghost_sewer_d, chequers_serial_rivers_marsh,
          uniq_blork_the_orc, uniq_duvessa
D:6:      layout_cave_pools, gammafunk_ghost_hive, uniq_menkaure
D:7:      layout_loops_ring
D:8:      layout_rooms, mainiacjoe_overflow_divided_tiny, uniq_maurice
D:9:      layout_basic, orc_0_dummy, uniq_harold, uniq_psyche, uniq_erolcha
D:10:     layout_basic, nicolae_shop_overcharged_wands
D:11:     layout_stronghold, due_lair_maze_entry_diamond,
          kennysheep_windowed_goal, uniq_fannar
Temple:   kb_temple_of_zot
Lair:1:   layout_hall_layers, grunt_megastairs_1, serial_bayou_shore_b,
          infiniplex_staircase_pool
Lair:2:   layout_regular_city, nicolae_spider_entry_orb_guardian,
          chequers_serial_rivers_room_b, uniq_maggie
Lair:3:   layout_loops_ring, minmay_shoals_entry_lonely_mermaid,
          gauntlet_entry_generic
Lair:4:   wander_river, layout_gridlike, nicolae_volcano_entry_lava_flow,
          minivault_25, serial_bayou_lagoon_b, minmay_lair_oklob_chamber
Lair:5:   layout_loops_ring, minmay_holes, uniq_urug
Lair:6:   grunt_lair_end_beastmaster, layout_regular_city, slime_altar_1

Skill      XL: |  1  2  3  4  5  6  7  8  9 10 11 12 |
---------------+-------------------------------------+-----
Stealth        | 3 6 8 |  8.9
Fighting       | 1 2 3 4 5 6 8 9 |  9.2
Spellcasting   | 3 4 5 6 8 |  8.3
Conjurations   | 5 6 7 8 |  8.2
Translocations | 1 2 4 5 |  5.0
Invocations    | 4 6 8 |  8.1
Evocations     | 4 |  4.0
Summonings     | 2 |  2.5
Shields        | 4 |  4.0
Ice Magic      | 2 5 6 |  6.0
Air Magic      | 1 3 |  3.0
Poison Magic   | 1 3 |  3.0
Dodging        | |  2.0

Action                   |  1- 3 |  4- 6 |  7- 9 | 10-12 || total
-------------------------+-------+-------+-------+-------++-------
Melee: Unarmed           |     3 |       |       |       ||     3
       Constrict         |     2 |     4 |     1 |     6 ||    13
       Dagger            |     1 |    16 |     5 |    11 ||    33
       Tentacles         |       |     4 |       |     2 ||     6
       Falchion          |       |       |       |     4 ||     4
 Cast: Magic Dart        |    44 |    24 |    90 |    67 ||   225
       Searing Ray       |     4 |    22 |    62 |    66 ||   154
       Iskenderun's Myst |       |       |     1 |    85 ||    86
       Call Imp          |       |       |     1 |    30 ||    31
       Hailstorm         |       |       |       |    57 ||    57
       Apportation       |       |       |       |     2 ||     2
       Mephitic Cloud    |       |       |       |     2 ||     2
Invok: Channel Magic     |       |       |       |     1 ||     1
Evoke: Wand              |       |     3 |     1 |    11 ||    15
  Use: Scroll            |       |     5 |     7 |    18 ||    30
       Potion            |       |     1 |     1 |     2 ||     4
 Stab: Sleeping          |     1 |     1 |       |       ||     2
       Paralysed         |       |     2 |     4 |       ||     6
Armor: Skin              |       |     2 |     4 |     3 ||     9
Dodge: Dodged            |     5 |    22 |    31 |    93 ||   151
Block: Buckler           |       |       |       |    30 ||    30
       Rpst.: Falchion   |       |       |       |     3 ||     3

Table legend: (Time is in decaauts)
 A = Elapsed time spent in this place.
 B = Non-inter-level travel time spent in this place.
 C = Inter-level travel time spent in this place.
 D = Time resting spent in this place.
 E = Time spent auto-exploring this place.
 F = Levels seen in this place.
 G = Mean time per level.
                   A        B        C        D        E       F      G
               +--------+--------+--------+--------+--------+-----+--------+
         Total |  22385 |  20882 |   1503 |   3543 |  13965 |  19 | 1178.2 |
       Dungeon |  16175 |  14972 |   1203 |   2465 |  10118 |  11 | 1470.5 |
        Temple |     90 |     57 |     33 |      0 |     43 |   1 |   90.0 |
          Lair |   5924 |   5657 |    267 |   1078 |   3672 |   6 |  987.3 |
      Gauntlet |    194 |    194 |      0 |      0 |    132 |   1 |  194.0 |
               +--------+--------+--------+--------+--------+-----+--------+

Top non-repeatable levels by time:
    D:11: 2186 daAuts
    D:10: 1973 daAuts
     D:8: 1919 daAuts
     D:2: 1838 daAuts
  Lair:2: 1808 daAuts
  Lair:1: 1710 daAuts
     D:4: 1494 daAuts
  Lair:4: 1491 daAuts
     D:7: 1432 daAuts
     D:5: 1402 daAuts
     D:1: 1257 daAuts
     D:6: 1125 daAuts
     D:3: 1048 daAuts
  Lair:3: 849 daAuts
     D:9: 496 daAuts
